Description

This is a game from goblin against uThermal.

This build order in really easy to execute. He is designed safe and macro oriented. There is many scout timing and you can adapt to your opponent all game long.

Every details are in the video.

VOD

https://youtu.be/VBz9a-QiX8I

Replay - goblin v liquidthermy - Nightshade LE

Build Order

Get SALT Encoding   

  12  0:00  Probe  
  13  0:12  Probe  
  14  0:17  Pylon  
  14  0:24  Probe (Chrono Boost)  
  15  0:36  Probe (Chrono Boost)  
  15  0:37  Gateway  
  16  0:44  Probe (Chrono Boost)  
  16  0:46  Assimilator  
  17  0:51  Probe  
  18  1:03  Probe  
  19  1:19  Nexus  
  19  1:21  Probe  
  20  1:31  Cybernetics Core  
  20  1:34  Probe  
  20  1:39  Assimilator  
  21  1:46  Probe  
  22  1:49  Pylon  
  23  2:04  Adept (Chrono Boost)  
  26  2:13  Stargate  
  27  2:23  Warp Gate  
  27  2:29  Adept  
  30  2:36  Pylon  
  32  2:55  Shield Battery, Oracle (Chrono Boost)  
  36  3:13  Stalker  
  40  3:32  Oracle  
  49  4:06  Pylon  
  49  4:07  Assimilator x2  
  51  4:13  Phoenix  
  51  4:15  Robotics Facility  
  56  4:38  Phoenix (Chrono Boost), Nexus  
  59  4:41  Pylon  
  61  4:58  Phoenix (Chrono Boost)  
  62  5:02  Immortal (Chrono Boost)  
  66  5:07  Robotics Bay  
  66  5:14  Phoenix  
  66  5:17  Stalker  
  68  5:26  Shield Battery x2  
  70  5:35  Immortal (Chrono Boost)  
  70  5:42  Phoenix (Chrono Boost)  
  65  6:00  Stalker  
  67  6:06  Phoenix (Chrono Boost)  
  67  6:07  Gateway x3  
  58  6:52  Robotics Facility x2  
  61  6:58  Extended Thermal Lance  
  64  7:01  Phoenix  
  64  7:05  Sentry  
  74  7:26  Phoenix  
  79  7:33  Forge  
  80  7:41  Colossus  
  89  7:48  Observer  
  92  7:51  Phoenix  
  92  7:58  Assimilator x2  
  96  8:07  Protoss Ground Weapons Level 1  
  96  8:08  Colossus  
  108  8:35  Fleet Beacon, Stargate  
  108  8:44  Colossus  
  114  8:48  Nexus  
  114  9:03  Disruptor  
  117  9:13  Protoss Air Weapons Level 1, Assimilator  
  123  9:25  Carrier (Chrono Boost)  
  123  9:31  Photon Cannon  
  123  9:37  Carrier (Chrono Boost)  
  123  9:42  Disruptor  
  132  9:53  Colossus  
Spawning Tool Build Advisor. Get it on Overwolf

Go to:

Details

  • Created by: zuka      
  • Published on: May 09, 2020
  • Modified on: May 09, 2020
  • Patch: 4.11.0
Show
View Real Time Build Order
Export as new Build Order

Comments (0)

There are no comments. Be the first!

Create an account to comment!